Map: World of Sleepers LE

Players

KinG

  • Race: Zerg Zerg
  • League: Master
  • Spawn Location: 7:00

Ryosis - Winner!

  • Race: Zerg Zerg
  • League: Grandmaster
  • Spawn Location: 1:00

Event: NationWars 2019

VOD

Have the link to the VOD?

Description

Time

  • Played on: Oct. 10, 2019, 11:56 a.m.
  • Length: 11:47
Show
View Real Time Build Order
Export as new Build Order

KinG Zerg 

Build Orders: Hatch First 

Get SALT Encoding   

  12  0:00  Drone  
  13  0:12  Overlord  
  13  0:18  Drone  
  14  0:30  Drone x2  
  16  0:50  Hatchery  
  16  0:51  Drone  
  16  0:54  Drone  
  17  0:57  Drone  
  18  1:07  Extractor  
  17  1:13  Spawning Pool  
  17  1:15  Drone  
  17  1:20  Drone  
  18  1:29  Drone  
  19  1:38  Drone  
  20  1:49  Overlord  
  20  1:59  Queen  
  22  2:01  Drone  
  22  2:02  Queen  
  22  2:03  Drone  
  26  2:11  Drone  
  26  2:14  Drone, Metabolic Boost  
  28  2:24  Zergling x4  
  30  2:33  Hatchery  
  29  2:38  Drone  
  29  2:39  Drone  
  31  2:45  Baneling Nest  
  31  2:48  Drone  
  31  2:49  Overlord  
  31  3:00  Drone  
  31  3:01  Drone  
  31  3:05  Drone  
  34  3:08  Zergling x2  
  34  3:09  Zergling x6  
  37  3:27  Overlord  
  37  3:29  Drone x2  
  37  3:30  Drone x2  
  37  3:32  Baneling  
  41  3:42  Drone x2  
  41  3:44  Extractor, Queen  
  44  3:50  Queen  
  44  3:51  Overlord  
  44  3:52  Drone x3  
  49  3:57  Baneling x2  
  49  3:58  Baneling, Evolution Chamber  
  47  4:06  Drone x2  
  47  4:07  Drone x4  
  53  4:10  Zergling x2  
  53  4:11  Zergling x2  
  54  4:24  Lair  
  54  4:28  Extractor  
  54  4:30  Zerg Melee Weapons Level 1  
  53  4:32  Extractor, Drone x4  
  53  4:33  Drone x2  
  53  4:34  Baneling  
  58  4:42  Roach Warren  
  57  4:51  Spore Crawler  
  56  4:53  Drone x7  
  64  5:11  Drone  
  64  5:12  Overlord x3  
  65  5:15  Spine Crawler  
  64  5:26  Spire  
  63  5:41  Drone  
  63  5:42  Drone x11  
  75  5:44  Extractor  
  75  5:49  Extractor  
  73  5:55  Overlord x3  
  73  5:58  Zergling x10  
  78  6:05  Drone  
  79  6:13  Zergling x10  
  79  6:14  Baneling  
  79  6:15  Baneling x2  
  84  6:23  Zergling x10  
  84  6:24  Hatchery  
  88  6:31  Overlord x2  
  86  6:43  Spine Crawler  
  86  6:46  Mutalisk, Spine Crawler  
  86  6:47  Mutalisk x6  
  81  6:53  Mutalisk x2  
  91  6:59  Mutalisk x2  
  90  7:10  Mutalisk x2  
  87  7:21  Mutalisk x3  
  76  7:31  Mutalisk  
  76  7:33  Zergling x14  
  73  7:38  Zergling x2  
  73  7:39  Zergling x2  
  67  8:34  Mutalisk x2  
  70  8:50  Baneling x4  
  70  8:57  Zergling x12  
  76  9:05  Lair  
  74  9:14  Zergling x4  
  74  9:17  Baneling  
  74  9:18  Baneling x2  
  74  9:21  Zergling x2  
  74  9:22  Zergling x2  
  70  9:32  Zergling x4  
  69  9:41  Drone x2  
  70  9:51  Mutalisk  
  72  10:02  Baneling x2  
  72  10:04  Mutalisk  
  74  10:08  Drone x2  
  74  10:10  Queen  
  74  10:13  Drone x2  
  73  10:29  Mutalisk  
  73  10:34  Zergling x2  
  74  10:41  Zergling x4  
  76  10:53  Mutalisk  
  76  11:04  Extractor, Drone  
  76  11:05  Drone x2  
  76  11:06  Extractor  
  76  11:10  Drone  
  76  11:11  Drone  
  79  11:16  Baneling x2  
  79  11:23  Drone x2  
  79  11:24  Hatchery  
Show
View Real Time Build Order
Export as new Build Order

Ryosis Zerg - Winner!

Build Orders: Hatch First, Lurkers 

Get SALT Encoding   

  12  0:00  Drone  
  13  0:13  Overlord  
  13  0:16  Drone  
  14  0:31  Drone x2  
  16  0:48  Hatchery  
  15  0:51  Drone  
  15  0:54  Drone  
  17  1:08  Spawning Pool  
  17  1:11  Drone  
  17  1:14  Extractor  
  17  1:15  Drone  
  17  1:19  Drone  
  18  1:28  Drone  
  19  1:39  Drone  
  20  1:49  Overlord  
  20  1:56  Queen  
  20  1:59  Queen  
  20  2:00  Zergling x2  
  20  2:01  Zergling x2  
  26  2:11  Drone x2  
  28  2:15  Metabolic Boost  
  28  2:22  Drone x2  
  30  2:34  Hatchery  
  29  2:38  Drone  
  29  2:40  Drone  
  29  2:43  Drone  
  32  2:52  Baneling Nest  
  32  2:53  Overlord  
  32  2:57  Drone  
  32  3:04  Drone x2  
  33  3:15  Zergling x6  
  33  3:17  Drone x3  
  39  3:21  Overlord  
  39  3:26  Queen  
  41  3:34  Zergling x4  
  43  3:37  Baneling  
  43  3:38  Baneling  
  43  3:42  Drone x5  
  48  3:50  Drone x3  
  48  3:51  Evolution Chamber  
  48  3:54  Drone x2  
  52  3:59  Extractor  
  52  4:02  Drone x2  
  52  4:08  Overlord  
  52  4:12  Lair  
  52  4:13  Drone x2  
  54  4:17  Drone x4  
  57  4:24  Drone  
  57  4:25  Overlord  
  57  4:27  Drone  
  59  4:33  Zerg Missile Weapons Level 1  
  59  4:34  Extractor  
  59  4:36  Drone  
  59  4:37  Drone x3  
  59  4:38  Roach Warren  
  61  4:42  Zergling x6  
  64  4:48  Overlord  
  64  4:49  Drone  
  64  4:50  Drone x2  
  64  4:52  Drone  
  67  4:56  Drone  
  67  5:03  Overlord  
  67  5:04  Drone x7  
  67  5:05  Pneumatized Carapace  
  74  5:12  Extractor x2  
  71  5:15  Drone x3  
  71  5:16  Drone  
  71  5:19  Glial Reconstitution  
  71  5:20  Overseer  
  75  5:26  Hatchery  
  75  5:27  Extractor, Drone x3  
  77  5:28  Drone  
  77  5:36  Overlord  
  77  5:38  Roach  
  77  5:39  Roach x3  
  85  5:44  Overlord  
  85  5:46  Roach x2  
  89  5:53  Overlord  
  89  5:55  Roach x3, Nydus Network  
  93  5:59  Overlord  
  93  6:02  Roach  
  93  6:03  Roach x2  
  99  6:05  Overlord  
  99  6:09  Roach x2  
  99  6:10  Roach  
  105  6:18  Roach x5  
  123  6:25  Roach x4  
  123  6:28  Overlord  
  123  6:30  Roach x2  
  125  6:35  Roach x2  
  125  6:36  Overlord  
  129  6:40  Nydus Canal  
  129  6:42  Roach x3  
  135  6:47  Roach x3  
  135  6:53  Roach x3  
  138  6:57  Overlord  
  138  7:01  Roach x4  
  138  7:06  Nydus Canal  
  146  7:08  Roach  
  146  7:09  Roach x2  
  152  7:17  Roach x4  
  158  7:29  Drone x2  
  152  7:30  Zerg Missile Weapons Level 2, Hydralisk Den  
  152  7:32  Roach x2  
  152  7:33  Roach x2  
  153  7:41  Spore Crawler  
  153  7:42  Spore Crawler  
  153  7:43  Spore Crawler  
  146  7:44  Evolution Chamber  
  146  7:45  Spore Crawler  
  117  8:01  Hydralisk x8  
  119  8:07  Hydralisk x5  
  119  8:09  Nydus Canal  
  121  8:15  Drone x2  
  121  8:17  Spore Crawler  
  121  8:18  Spore Crawler  
  121  8:19  Hydralisk  
  121  8:20  Spore Crawler x2  
  121  8:24  Hydralisk  
  121  8:25  Hydralisk  
  125  8:32  Hydralisk x3  
  125  8:33  Hydralisk  
  133  8:41  Lurker Den  
  132  8:46  Drone x2  
  132  8:48  Drone  
  133  8:49  Hydralisk x3  
  133  8:51  Overlord  
  139  8:56  Grooved Spines  
  139  8:57  Overlord  
  139  9:00  Overlord  
  139  9:01  Unknown  
  138  9:06  Overlord  
  138  9:08  Extractor  
  133  9:11  Drone x3  
  133  9:12  Drone x2  
  133  9:16  Extractor, Drone x3  
  135  9:17  Hydralisk  
  135  9:33  Drone  
  135  9:34  Queen, Drone x3  
  135  9:36  Hydralisk x2  
  141  9:47  Drone  
  141  9:48  Zerg Ground Armor Level 1, Drone  
  143  9:55  Drone  
  143  9:56  Drone  
  143  9:58  Spore Crawler  
  142  10:01  Hydralisk x3  
  142  10:03  Overlord x3  
  148  10:09  Lurker, Spore Crawler  
  148  10:10  Lurker  
  148  10:11  Lurker  
  148  10:12  Lurker, Spore Crawler  
  150  10:14  Overseer  
  150  10:22  Hydralisk x2  
  150  10:23  Spore Crawler  
  150  10:24  Spore Crawler  
  142  10:32  Drone x8  
  144  10:38  Unknown  
  144  10:41  Drone  
  144  10:43  Infestation Pit  
  144  10:44  Drone x2  
  145  10:51  Drone x4  
  149  11:01  Hydralisk x3, Unknown  
  154  11:10  Drone x3  
  157  11:11  Spore Crawler  
  157  11:12  Spore Crawler  
  157  11:16  Overseer  
  155  11:18  Hydralisk  
  155  11:19  Hydralisk  
  159  11:25  Spore Crawler  
  164  11:41  Spore Crawler  
Tags
 
Add a new tag
Caveats
  • Supply blocks, unpowered buildings, or Contaminate may cause inaccurate times.
  • Supply counts are checked every 10 seconds.